Map: Ultralove

Players

IIIIIIII - Winner!

  • Race: Terran Terran
  • Spawn Location: 7:00

Moja

  • Race: Terran Terran
  • League: Grandmaster
  • Spawn Location: 1:00

VOD

Have the link to the VOD?

Description

Time

  • Played on: April 9, 2025, 6:32 p.m.
  • Length: 7:41
Show
View Real Time Build Order
Export as new Build Order

IIIIIIII Terran - Winner!

Build Orders: Liberator Opening 

Get SALT Encoding   

  12  0:00  SCV  
  13  0:12  SCV  
  14  0:17  Supply Depot  
  14  0:24  SCV  
  15  0:38  SCV  
  15  0:40  Barracks  
  16  0:43  Refinery  
  16  0:51  SCV  
  16  0:52  Refinery  
  17  1:03  SCV  
  18  1:15  SCV  
  19  1:28  Orbital Command, Reaper  
  19  1:31  Supply Depot  
  20  1:42  Factory  
  20  1:54  SCV  
  20  1:59  Marine  
  22  2:08  SCV  
  23  2:17  Marine  
  24  2:27  Hellion  
  25  2:30  SCV  
  25  2:31  Starport  
  25  2:35  Marine  
  27  2:39  Supply Depot  
  27  2:42  SCV  
  28  2:49  Hellion  
  30  2:54  SCV  
  31  3:00  Marine  
  32  3:08  SCV  
  32  3:09  Liberator  
  32  3:11  Hellion  
  38  3:13  Supply Depot  
  38  3:19  Barracks Reactor  
  38  3:33  Factory Tech Lab  
  38  3:41  Command Center  
  38  3:43  SCV  
  39  3:52  Cyclone  
  42  4:10  SCV  
  42  4:11  Starport Tech Lab  
  42  4:14  Marine x2  
  45  4:19  Supply Depot  
  42  4:27  SCV  
  42  4:28  Cyclone  
  46  4:41  Raven, SCV  
  49  4:46  Marine x2  
  49  4:51  Supply Depot  
  50  5:02  Command Center  
  50  5:08  SCV, Factory  
  51  5:17  Orbital Command  
  50  5:29  Marine x2  
  50  5:30  Siege Tank  
  50  5:35  SCV  
  56  5:39  Refinery  
  49  5:59  SCV x2  
  49  6:03  Siege Tank  
  54  6:07  Starport  
  54  6:10  Factory Tech Lab  
  54  6:11  SCV x2  
  56  6:20  Orbital Command  
  56  6:23  SCV  
  56  6:24  SCV  
  58  6:31  Viking  
  58  6:35  SCV  
  58  6:36  SCV  
  60  6:42  Siege Tank  
  63  6:48  SCV x2  
  63  6:49  Siege Tank  
  68  6:54  SCV  
  68  6:59  Viking  
  68  7:00  SCV x2  
  73  7:10  Viking  
  73  7:11  SCV  
  73  7:12  SCV  
  77  7:20  SCV  
  78  7:23  SCV  
  78  7:24  SCV  
Show
View Real Time Build Order
Export as new Build Order

Moja Terran 

Build Orders:  

Get SALT Encoding   

  12  0:00  SCV  
  13  0:13  Supply Depot  
  13  0:18  SCV  
  14  0:36  Barracks  
  14  0:40  Refinery  
  14  0:52  Barracks  
  14  0:57  SCV  
  15  1:09  SCV  
  16  1:23  Orbital Command, Reaper  
  17  1:29  Refinery  
  17  1:40  Reaper  
  18  1:49  SCV  
  19  1:56  Supply Depot  
  19  1:57  Reaper  
  20  2:03  SCV  
  21  2:14  Reaper  
  21  2:15  SCV  
  23  2:27  SCV  
  23  2:33  Factory  
  23  2:35  Reaper  
  24  2:39  SCV  
  25  2:49  Reaper  
  26  2:51  SCV  
  26  2:54  Supply Depot  
  27  3:03  SCV  
  28  3:12  Command Center  
  28  3:16  SCV  
  28  3:18  Factory Tech Lab  
  29  3:24  Starport  
  29  3:29  SCV  
  30  3:36  Cyclone  
  33  3:41  SCV  
  33  3:45  Supply Depot  
  34  3:56  SCV  
  35  4:08  Cyclone, Medivac  
  35  4:17  SCV  
  37  4:26  Orbital Command  
  37  4:29  SCV  
  38  4:42  Starport Tech Lab  
  38  4:44  SCV  
  38  4:49  Siege Tank  
  38  4:50  Starport Reactor, Refinery  
  41  4:54  SCV  
  41  4:56  SCV  
  43  5:06  SCV  
  44  5:08  SCV  
  44  5:18  SCV  
  44  5:21  SCV  
  46  5:28  Siege Tank  
  49  5:30  SCV, Viking  
  49  5:33  SCV  
  49  5:35  Supply Depot  
  53  5:42  SCV  
  54  5:45  SCV  
  52  5:54  SCV  
  50  5:57  SCV  
  50  6:04  Siege Tank  
  50  6:06  SCV  
  50  6:09  SCV  
  52  6:13  Viking x2  
  56  6:18  SCV  
  56  6:21  SCV  
  56  6:23  Supply Depot  
  58  6:30  SCV  
  59  6:33  SCV  
  59  6:36  Siege Tank  
  63  6:42  SCV  
  63  6:45  SCV  
  63  6:46  Viking x2  
  69  6:49  Supply Depot  
  69  6:55  SCV  
  69  6:57  SCV  
  69  6:58  Supply Depot  
  71  7:07  SCV  
  70  7:09  Siege Tank, SCV  
  71  7:19  SCV  
  71  7:22  SCV  
Tags
 
Matchup
TvT
Player
Moja
Race
Terran
Replay Pack
Moja Replays
Spawn Locations
Cross Positions
Add a new tag
Caveats
  • Supply blocks, unpowered buildings, or Contaminate may cause inaccurate times.
  • Supply counts are checked every 10 seconds.